 Dungeon Crawl Stone Soup version 0.28.0-45-g0d030f2227 (webtiles) character file.

Game seed: 13377529413025737496

8039 Sunwitch the Carver (level 11, -2/95 (97) HPs)
             Began as a Minotaur Fighter on Apr 6, 2022.
             Was a Priest of Okawaru.
             Slain by Snorg (9 damage)
             ... on level 10 of the Dungeon.
             The game lasted 00:21:39 (10841 turns).

Sunwitch the Carver (Minotaur Fighter)             Turns: 10841, Time: 00:21:40

HP:   -2/95 (97)    AC:  9    Str: 25    XL:     11   Next: 4%
MP:   19/20         EV: 16    Int:  5    God:    Okawaru [***...]
Gold: 571           SH:  7    Dex: 10    Spells: 10/10 levels left

rFire   . . .      SeeInvis .   y - +2 long sword (distort)
rCold   . . .      Faith    .   c - +0 buckler
rNeg    . . .      Spirit   .   E - +0 steam dragon scales
rPois   +          Reflect  .   (helmet restricted)
rElec   .          Harm     .   F - scarf {repulsion}
rCorr   .          Rampage  .   (no gloves)
Will    .....                   z - +0 pair of boots
Stlth   +++.......              p - amulet of regeneration
HPRegen 1.05/turn               B - ring of poison resistance
MPRegen 0.17/turn               x - ring of magical power

@: heroic, lightly drained, repel missiles
A: horns 2, retaliatory headbutt
a: Renounce Religion, Heroism


You were on level 10 of the Dungeon.
You worshipped Okawaru.
Okawaru was most pleased with you.
You visited 2 branches of the dungeon, and saw 11 of its levels.

You collected 571 gold pieces.

Inventory:

Hand Weapons
 a - a +0 long sword
 y - a +2 long sword of distortion (weapon)
 O - a +3 long sword
Armour
 b - a +0 scale mail
 c - a +0 buckler (worn)
 z - a +0 pair of boots (worn)
 E - +0 steam dragon scales (worn)
 F - a scarf of repulsion (worn)
 H - the +0 cloak of Failure {Fly Str+2}
   (You found it on level 9 of the Dungeon)

   Str:       It affects your strength (+2).
   Fly:       It grants you flight.
Jewellery
 p - an amulet of regeneration (around neck)
 u - an amulet of reflection
 x - a ring of magical power (right hand)
 B - a ring of poison resistance (left hand)
 D - a +4 ring of evasion
 G - a ring of positive energy
Wands
 s - a wand of iceblast (3)
 t - a wand of flame (37)
 w - a wand of polymorph (12)
 I - a wand of digging (5)
 M - a wand of acid (11)
 N - a wand of mindburst (6)
Scrolls
 e - 3 scrolls of amnesia {unknown}
 g - 13 scrolls of identify
 i - 2 scrolls of fog {unknown}
 l - 11 scrolls of teleportation
 n - 2 scrolls of fear {unknown}
 v - 2 scrolls of torment {unknown}
 C - 2 scrolls of acquirement {unknown}
 J - 2 scrolls of magic mapping {unknown}
 K - 2 scrolls of enchant weapon {unknown}
 L - a scroll of summoning {unknown}
Potions
 d - 8 potions of might
 f - 3 potions of flight
 h - 3 potions of magic
 j - a potion of berserk rage {unknown}
 k - a potion of haste {unknown}
 m - 6 potions of curing {unknown}
 o - 2 potions of ambrosia {unknown}
 q - a potion of mutation {unknown}
 r - 3 potions of attraction
 A - a potion of heal wounds {unknown}


   Skills:
 + Level 9.3(14.3) Fighting
 + Level 10.7(15.7) Long Blades
 + Level 9.5(14.5) Armour
 + Level 7.7(12.7) Dodging
 - Level 2.0(7.0) Stealth
 + Level 9.3(14.3) Shields
 * Level 1.9 Invocations
 + Level 0.0 Evocations


You had 10 spell levels left.
You didn't know any spells.
Your spell library contained the following spells:

 Spells                   Type           Power      Damage    Failure   Level
 Apportation              Tloc           0%         N/A       52%         1
 Conjure Flame            Conj/Fire      0%         6-21      88%         3
 Ignite Poison            Fire/Tmut/Pois 0%         N/A       88%         3
 Ozocubu's Armour         Ice            0%         N/A       88%         3
 Sticky Flame             Conj/Fire      0%         2d3       99%         4
 Metabolic Englaciation   Hex/Ice        0%         N/A       100%        5
 Animate Skeleton         Necr           Unusable   N/A       N/A         1
 Summon Small Mammal      Summ           Unusable   N/A       N/A         1
 Simulacrum               Ice/Necr       Unusable   N/A       N/A         6

Dungeon Overview and Level Annotations

Branches:
Dungeon (10/15)            Temple (1/1) D:7             Orc (0/2) D:9
   Lair: D:8-11

Altars:
Ashenzari
Cheibriados
Dithmenos
Elyvilon
Fedhas
Gozag
Hepliaklqana
Kikubaaqudgha
Makhleb
Nemelex Xobeh
Okawaru
Qazlal
Ru
Sif Muna
Trog
Uskayaw
Vehumet
Wu Jian
Xom
Yredelemnul
Zin
The Shining One

Shops:
D:7 (

Annotations:
D:10 Snorg


Innate Abilities, Weirdness & Mutations

You have a pair of horns on your head.
You reflexively headbutt those who attack you in melee.


Message History

You closely miss Snorg.
Snorg is severely wounded.
Snorg bites you! Snorg misses you. Snorg claws you.
The wight barely misses you.
You slash Snorg!
Snorg is almost dead.
Snorg blinks!
The wight barely misses you.
You gain the combat prowess of a mighty hero.
The wight hits you from afar with a +0 trident.
You feel drained.
Unknown command.
You hit Snorg.
Snorg is almost dead.
Snorg bites you!! You block Snorg's attack. Snorg claws you but does no damage.
You slash Snorg!
Snorg is almost dead.
Snorg blinks!
You block the wight's attack.
Snorg rages.
The wight closely misses you.
You hear a shout!
You slash the wight!
You destroy the wight!
Okawaru accepts your kill.
You barely miss Snorg. You headbutt Snorg.
Snorg is almost dead.
Snorg bites you!! Snorg barely misses you. You block Snorg's attack.
You barely miss Snorg. You headbutt Snorg!
Snorg is almost dead.
Snorg bites you. Snorg misses you. Snorg barely misses you.
You closely miss Snorg. Your headbutt misses Snorg.
Snorg is almost dead.
Snorg bites you!
* * * LOW HITPOINT WARNING * * *
You block Snorg's attack. x2
The wight hits you with a +0 dire flail!
* * * LOW HITPOINT WARNING * * *
You barely miss Snorg.
Snorg is almost dead.
You block Snorg's attack. Snorg claws you!
You die...

#....#....#......#....
#.... ....#......#....
#.... ....#......#.... ..
#.... ....#.....##.... ...
#...##....+...^.'.....
....#...#.....#.....#####+
.......)..#####...........
........z)................
........T@................
....#.##..................
#..#.. #................##
.. #. ....######........#
....#..# #........#
.#.###..# #........# ...
...# #........# ....#


You could see Snorg (berserk) and a wight.

Vanquished Creatures
  A two-headed ogre (D:9)
  Pikel (D:6)
  A necromancer (D:9)
  Maurice (D:9)
  2 kobold demonologists (D:9)
  A troll (D:10)
  2 wyverns
  A wraith (D:9)
  Eustachio (D:5)
  8 yaks
  2 steam dragons
  A water moccasin (D:6)
  An ice beast (D:7)
  An ogre (D:5)
  A black bear (D:5)
  An orc warrior (D:5)
  2 necrophages
  A centaur (D:8)
  3 phantoms
  A lemure (D:6)
  3 bullfrogs (D:8)
  A gnoll sergeant (D:9)
  7 scorpions
  A water moccasin zombie (D:5)
  2 water moccasin skeletons (D:6)
  3 killer bees (D:8)
  6 wights (D:10)
  A howler monkey (D:10)
  2 centaur zombies
  A bullfrog zombie (D:5)
  A centaur skeleton (D:7)
  3 orc priests
  A hound (D:3)
  5 iguanas
  Terence (D:2)
  4 orc wizards
  A killer bee zombie (D:7)
  2 hound skeletons
  A howler monkey zombie (D:8)
  Robin (D:2)
  6 gnolls
  7 adders
  A white imp (D:8)
  3 worms
  A dart slug (D:2)
  16 orcs
  5 ball pythons
  3 bats
  A bat skeleton (D:2)
  2 bat zombies (D:2)
  2 endoplasms
  4 giant cockroaches
  6 hobgoblins
  3 quokkas (D:2)
  A ball python skeleton (D:2)
  6 frilled lizards
  A giant cockroach zombie (D:2)
  16 goblins
  9 kobolds
  2 quokka skeletons (D:2)
  A quokka zombie (D:2)
  A rat (D:1)
  A spectral hobgoblin (D:1)
178 creatures vanquished.

Vanquished Creatures (others)
  2 fungi (D:5)
  2 plants (D:1)
4 creatures vanquished.

Grand Total: 182 creatures vanquished

Notes
Turn   | Place    | Note
-------+----------+-------------------------------------------
     0 | D:1      | Sunwitch the Minotaur Fighter began the quest for the Orb.
     0 | D:1      | Reached XP level 1. HP: 19/19 MP: 0/0
   330 | D:1      | Found a faded altar of an unknown god.
   337 | D:1      | Reached XP level 2. HP: 25/27 MP: 1/1
  1339 | D:2      | Reached skill level 1 in Dodging
  1339 | D:2      | Reached XP level 3. HP: 33/33 MP: 2/2
  1360 | D:2      | Reached skill level 3 in Long Blades
  1504 | D:2      | Noticed Terence
  1514 | D:2      | Killed Terence
  1515 | D:2      | Reached XP level 4. HP: 19/40 MP: 3/3
  1849 | D:2      | Noticed Robin
  1854 | D:2      | Killed Robin
  1860 | D:2      | Reached skill level 4 in Long Blades
  2206 | D:2      | Found a basalt altar of Yredelemnul.
  2552 | D:3      | Reached XP level 5. HP: 46/46 MP: 4/4
  3352 | D:4      | Noticed a necrophage
  3362 | D:4      | Killed a necrophage
  3363 | D:4      | Reached skill level 5 in Armour
  3363 | D:4      | Reached skill level 1 in Stealth
  3363 | D:4      | Reached XP level 6. HP: 51/53 MP: 5/5
  3384 | D:4      | Reached skill level 5 in Long Blades
  4226 | D:5      | Entered Level 5 of the Dungeon
  4318 | D:5      | Reached XP level 7. HP: 29/60 MP: 6/6
  4538 | D:5      | Reached skill level 5 in Fighting
  4552 | D:5      | Reached skill level 5 in Shields
  4731 | D:5      | Reached skill level 6 in Long Blades
  5160 | D:5      | Noticed Eustachio
  5177 | D:5      | Killed Eustachio
  5178 | D:5      | Reached XP level 8. HP: 28/69 MP: 7/7
  5588 | D:5      | Reached skill level 7 in Long Blades
  6455 | D:6      | Reached skill level 8 in Long Blades
  6478 | D:6      | Identified the +6 flail of the Vestibule of Hell {freeze,
                  | rC- rN++ rCorr}
  6478 | D:6      | Noticed Pikel
  6493 | D:6      | HP: 1/71 [Pikel/+1 whip of freezing (5)]
  6893 | D:6      | Killed Pikel
  6894 | D:6      | Reached skill level 5 in Dodging
  6894 | D:6      | Reached XP level 9. HP: 69/78 MP: 8/8
  7221 | D:7      | Found Zapycs's Antique Weapon Emporium.
  7317 | D:7      | Reached skill level 9 in Long Blades
  7565 | D:7      | Found a staircase to the Ecumenical Temple.
  7648 | Temple   | Entered the Ecumenical Temple
  7977 | Temple   | Became a worshipper of Warmaster Okawaru
  9399 | D:9      | Noticed Maurice
  9411 | D:9      | Killed Maurice
  9411 | D:9      | Reached * piety under Okawaru
  9412 | D:9      | Reached XP level 10. HP: 88/88 MP: 9/9
  9582 | D:9      | Found a staircase to the Orcish Mines.
  9586 | D:9      | Identified the +0 cloak of Failure {Fly Str+2}
  9613 | D:9      | Found a broken altar of Ashenzari.
  9747 | D:9      | Reached skill level 10 in Long Blades
  9805 | D:9      | Reached ** piety under Okawaru
  9941 | D:9      | Noticed a necromancer
  9954 | D:9      | Killed a necromancer
 10170 | D:9      | Noticed a two-headed ogre
 10245 | D:9      | Killed a two-headed ogre
 10385 | D:9      | Noticed a soul eater
 10388 | D:9      | Reached *** piety under Okawaru
 10476 | D:10     | Entered Level 10 of the Dungeon
 10576 | D:10     | Reached skill level 1 in Invocations
 10585 | D:10     | Reached XP level 11. HP: 97/97 MP: 11/11
 10818 | D:10     | Noticed Snorg
 10841 | D:10     | Slain by Snorg

Illustrated notes

Levels and vault maps discovered:
D:1:      kilobyte_arrival_exit_the_forest, layout_rooms,
          dreamdust_ecumenical_altar_drowned_temple, serial_forest,
          infiniplex_forest_clump_curved, infiniplex_forest_corner_1,
          infiniplex_forest_clump_tiny, infiniplex_forest_clump_small,
          infiniplex_forest_straight_2, infiniplex_forest_lined_corner,
          infiniplex_forest_clump_small, infiniplex_forest_side_room,
          nicolae_figureground_sparkle
D:2:      layout_basic, serial_undead, serial_undead_e, serial_undead_e,
          serial_undead_a, serial_undead_d, serial_undead_d, serial_undead_a,
          serial_undead_f, serial_undead_f, basic_altar, uniq_terence,
          uniq_robin
D:3:      kennysheep_six_static_rooms, layout_loops_ring
D:4:      layout_basic
D:5:      old_forge, layout_basic, uniq_eustachio
D:6:      layout_rooms, uniq_pikel
D:7:      layout_cave_pools, minmay_temple_entry_slanted, serial_shops,
          nicolae_shop_overgrown_old_shop
D:8:      layout_basic
D:9:      layout_stronghold, nicolae_ashenzari_skybound, orc_0_dummy,
          minmay_librarian, uniq_maurice
D:10:     layout_irregular_city, serial_shops, shop, serial_column_ruins,
          column_ruins_hut_ruined, column_ruins_hut, column_ruins_grid_3,
          column_ruins_open_small, column_ruins_open_medium,
          column_ruins_grid_1, column_ruins_open_small,
          chequers_serial_rivers_micro_a, hangedman_decor_peaks_small,
          uniq_snorg, uniq_gastronok, uniq_harold
Temple:   mainiacjoe_temple_circle_huts

Skill      XL: |  1  2  3  4  5  6  7  8  9 10 |
---------------+-------------------------------+-----
Armour         | 4 5 6 7 8 9 |  9.5
Fighting       | 4 5 6 8 9 |  9.3
Dodging        | 1 2 3 5 6 7 |  7.7
Shields        | 4 5 6 8 9 |  9.3
Long Blades    | 3 4 5 6 8 9 10 | 10.7
Stealth        | 1 2 |  2.0
Invocations    | 1 |  1.9

Action                   |  1- 3 |  4- 6 |  7- 9 | 10-12 || total
-------------------------+-------+-------+-------+-------++-------
Melee: Long sword        |   104 |   163 |   240 |   121 ||   628
       Headbutt          |    17 |    35 |    46 |    22 ||   120
Invok: Heroism           |       |       |       |     3 ||     3
Evoke: Wand              |       |       |       |     6 ||     6
  Use: Scroll            |       |       |     4 |       ||     4
 Stab: Sleeping          |       |       |       |     1 ||     1
Armor: Scale mail        |    44 |    54 |    65 |       ||   163
       Steam dragon scal |       |       |     6 |    41 ||    47
Dodge: Dodged            |    37 |    67 |   116 |    78 ||   298
       Repelled          |       |       |     2 |     1 ||     3
Block: Buckler           |    19 |    24 |    54 |    35 ||   132
